Map: Eastwatch LE

Players

Scarlett - Winner!

  • Race: Zerg Zerg
  • League: Master
  • Spawn Location: 7:00

Nerchio

  • Race: Zerg Zerg
  • Spawn Location: 1:00

Event: WESG 2017 Haikou

VOD

Have the link to the VOD?

Description

Time

  • Played on: March 16, 2018, 5:32 a.m.
  • Length: 10:22

All games in this series

Show
View Real Time Build Order
Export as new Build Order

Scarlett Zerg - Winner!

Build Orders: Hatch First, Muta Ling Bane 

Get SALT Encoding   

  12  0:00  Drone  
  13  0:12  Overlord  
  13  0:16  Drone  
  14  0:31  Drone x2  
  14  0:35  Drone  
  17  0:50  Hatchery  
  17  0:54  Drone  
  18  0:57  Drone  
  18  1:05  Extractor  
  17  1:12  Spawning Pool  
  17  1:15  Drone  
  17  1:18  Drone  
  18  1:28  Drone  
  19  1:39  Drone  
  20  1:40  Evolution Chamber  
  19  1:50  Drone  
  20  1:58  Queen  
  22  2:02  Drone, Queen  
  22  2:03  Drone  
  22  2:07  Zerg Melee Weapons Level 1  
  26  2:13  Overlord  
  26  2:18  Drone  
  26  2:22  Drone  
  28  2:32  Drone  
  28  2:33  Drone  
  28  2:34  Queen  
  32  2:37  Zergling x2  
  32  2:42  Metabolic Boost  
  33  2:46  Overlord  
  34  2:51  Drone  
  34  2:54  Drone  
  34  2:57  Zergling x2  
  36  3:04  Drone  
  37  3:05  Drone x2  
  37  3:06  Drone  
  40  3:13  Drone x4  
  40  3:16  Overlord  
  44  3:31  Hatchery  
  44  3:34  Zergling x2  
  44  3:36  Zergling x4  
  44  3:40  Zergling x2  
  47  3:45  Zergling x10  
  52  3:49  Overlord  
  52  3:55  Extractor  
  51  3:57  Drone  
  51  4:01  Zerg Ground Armor Level 1  
  52  4:05  Overlord  
  52  4:10  Drone x3  
  52  4:13  Drone x3  
  52  4:14  Drone  
  52  4:15  Lair  
  57  4:25  Drone  
  57  4:26  Drone x3  
  59  4:31  Baneling Nest  
  59  4:32  Zergling x2  
  59  4:35  Extractor  
  59  4:36  Zergling x2  
  59  4:42  Zergling x2  
  59  4:43  Queen x2  
  64  4:50  Zergling x8  
  68  5:03  Zergling x2  
  68  5:04  Zergling x8  
  73  5:17  Baneling x3  
  73  5:19  Drone  
  73  5:20  Overlord  
  73  5:23  Extractor, Spire  
  73  5:25  Extractor  
  73  5:26  Baneling  
  73  5:27  Drone x3, Baneling  
  73  5:32  Overlord  
  73  5:39  Drone  
  73  5:40  Drone x6, Baneling  
  73  5:41  Drone  
  74  5:56  Drone  
  74  5:57  Drone x4  
  76  5:58  Drone x2  
  76  6:01  Zergling x6  
  80  6:08  Zergling x10  
  81  6:22  Extractor, Zergling x2  
  81  6:23  Zergling x10  
  86  6:31  Zergling x8  
  90  6:34  Zerg Melee Weapons Level 2  
  90  6:38  Overlord x2  
  89  6:52  Mutalisk  
  89  6:53  Mutalisk x2  
  89  6:54  Overlord  
  89  6:55  Overlord  
  89  6:59  Mutalisk x4  
  92  7:05  Drone x5  
  92  7:09  Mutalisk x2  
  92  7:15  Drone x2, Mutalisk  
  98  7:16  Hatchery  
  98  7:18  Zerg Flyer Weapons Level 1  
  98  7:21  Baneling x3  
  99  7:24  Mutalisk  
  99  7:25  Zergling x10  
  106  7:31  Drone x2  
  106  7:34  Centrifical Hooks  
  108  7:38  Unknown  
  108  7:43  Mutalisk  
  110  7:44  Mutalisk  
  110  7:45  Overlord  
  110  7:47  Drone x2  
  110  7:50  Drone x2  
  110  7:51  Mutalisk  
  116  7:55  Baneling x3  
  116  7:58  Extractor  
  117  7:59  Extractor, Drone x2  
  117  8:00  Drone x3  
  117  8:02  Drone  
  117  8:03  Overlord  
  122  8:06  Hatchery  
  121  8:15  Mutalisk x3  
  127  8:26  Mutalisk x2  
  130  8:31  Mutalisk  
  130  8:33  Overlord x3  
  133  8:34  Zergling x14  
  139  8:42  Baneling x6  
  139  8:45  Mutalisk  
  139  8:47  Overlord x2  
  141  8:51  Mutalisk  
  141  8:53  Zergling x14  
  150  8:58  Baneling  
  150  8:59  Baneling x8  
  150  9:05  Overlord x2  
  150  9:06  Zergling x2  
  150  9:07  Zergling x6  
  146  9:20  Mutalisk  
  146  9:21  Mutalisk x3  
  146  9:22  Zergling x2  
  146  9:23  Zergling x14  
  157  9:33  Mutalisk x3  
  157  9:36  Zergling x12  
  169  9:40  Overseer  
  169  9:43  Overseer  
  169  9:51  Overseer  
  161  9:53  Overseer  
  161  9:56  Baneling x4  
  160  10:05  Drone x8  
Show
View Real Time Build Order
Export as new Build Order

Nerchio Zerg 

Build Orders: Hatch First, Lurkers, Roach Hydra, Zergling Baneling 

Get SALT Encoding   

  12  0:00  Drone  
  13  0:12  Overlord  
  13  0:17  Drone  
  14  0:30  Drone x2  
  14  0:34  Drone  
  17  0:51  Hatchery  
  17  0:55  Drone  
  17  0:58  Drone  
  18  1:06  Extractor  
  17  1:13  Spawning Pool  
  17  1:17  Drone  
  17  1:20  Drone  
  18  1:28  Drone  
  19  1:40  Overlord  
  19  1:49  Drone  
  20  2:00  Zergling x2, Queen  
  23  2:03  Queen  
  23  2:04  Zergling x2  
  23  2:07  Metabolic Boost  
  26  2:11  Drone  
  26  2:14  Drone  
  28  2:21  Drone  
  29  2:24  Drone  
  30  2:37  Hatchery  
  30  2:40  Drone  
  30  2:45  Baneling Nest  
  30  2:48  Drone  
  30  2:50  Drone  
  31  2:53  Drone  
  31  2:58  Overlord  
  32  3:06  Queen  
  32  3:11  Drone x2  
  35  3:17  Drone, Zergling x2  
  35  3:18  Drone  
  35  3:19  Drone  
  39  3:22  Drone  
  39  3:23  Drone  
  39  3:26  Drone  
  42  3:31  Evolution Chamber  
  42  3:33  Overlord  
  41  3:37  Drone  
  41  3:38  Drone  
  43  3:44  Extractor  
  43  3:47  Overlord  
  43  3:48  Drone  
  43  3:50  Drone x3  
  43  3:54  Baneling x2  
  46  3:56  Zergling x4  
  46  3:57  Zergling x2  
  46  4:01  Zergling x2  
  46  4:02  Zergling x2  
  51  4:05  Zerg Missile Weapons Level 1  
  51  4:06  Zergling x2  
  51  4:08  Zergling x2  
  53  4:13  Baneling  
  53  4:14  Baneling x2  
  53  4:15  Spine Crawler  
  53  4:16  Zergling x2  
  53  4:19  Zergling x4  
  53  4:23  Zergling x4  
  57  4:24  Baneling  
  57  4:30  Drone  
  57  4:31  Drone x3  
  58  4:32  Drone  
  58  4:34  Drone  
  61  4:39  Overlord  
  61  4:42  Drone x2  
  63  4:47  Lair  
  63  4:48  Drone  
  63  4:51  Baneling x2  
  64  4:53  Overlord  
  64  5:00  Drone  
  64  5:01  Roach Warren  
  64  5:02  Drone  
  64  5:09  Drone x4  
  64  5:11  Drone x2  
  64  5:12  Extractor  
  69  5:15  Extractor  
  69  5:20  Drone x2  
  69  5:28  Drone x3  
  72  5:34  Drone x7  
  80  5:35  Drone x2  
  80  5:42  Queen  
  81  5:44  Queen  
  81  5:46  Zergling x2  
  79  5:52  Glial Reconstitution  
  79  5:54  Zergling x6  
  79  5:55  Extractor, Baneling x5  
  80  5:57  Zergling x2  
  80  6:00  Zergling x4  
  81  6:07  Queen  
  81  6:08  Overlord  
  80  6:11  Drone x2  
  80  6:14  Overlord  
  82  6:19  Overlord  
  82  6:20  Hydralisk Den  
  82  6:21  Extractor, Queen  
  82  6:22  Pneumatized Carapace  
  82  6:26  Overlord  
  82  6:27  Drone  
  82  6:28  Drone x2  
  84  6:33  Roach x2  
  84  6:34  Roach  
  84  6:36  Roach  
  84  6:38  Roach  
  94  6:41  Roach  
  94  6:47  Roach x2  
  99  6:52  Hydralisk x4  
  103  6:54  Hydralisk  
  103  7:00  Hydralisk x2  
  104  7:04  Muscular Augments  
  104  7:05  Drone x3  
  105  7:09  Zerg Missile Weapons Level 2  
  105  7:14  Hydralisk, Lurker Den  
  106  7:16  Drone  
  106  7:18  Hydralisk  
  106  7:20  Overseer  
  109  7:27  Spore Crawler x2  
  109  7:28  Drone x2, Spore Crawler  
  109  7:29  Drone  
  109  7:30  Drone  
  109  7:33  Drone x2  
  109  7:35  Overlord  
  112  7:38  Overlord  
  112  7:40  Overlord  
  112  7:42  Overlord  
  112  7:53  Hydralisk  
  112  7:57  Hydralisk x2, Overlord x2  
  112  7:58  Hydralisk  
  119  8:15  Grooved Spines  
  119  8:16  Hydralisk x4, Hatchery  
  119  8:19  Roach  
  126  8:20  Roach, Spore Crawler  
  126  8:22  Roach  
  126  8:24  Roach x2  
  126  8:25  Roach x2  
  126  8:26  Roach  
  138  8:28  Roach  
  138  8:29  Roach  
  138  8:32  Overlord  
  142  8:34  Roach  
  144  8:42  Lurker x3  
  144  8:43  Lurker x2  
  144  8:44  Hydralisk  
  144  8:46  Hydralisk  
  151  8:49  Overlord  
  151  8:52  Hydralisk  
  151  8:53  Extractor  
  151  8:55  Hydralisk  
  152  8:57  Hydralisk  
  152  9:02  Hydralisk x2  
  158  9:07  Overlord  
  158  9:14  Hydralisk  
  158  9:15  Hydralisk x2  
  158  9:16  Hydralisk  
  142  9:19  Hydralisk  
  142  9:20  Drone x2  
  142  9:23  Drone  
  134  9:28  Hydralisk x2  
  134  9:31  Hydralisk  
  124  9:33  Hydralisk  
  120  9:41  Hydralisk  
  120  9:44  Hydralisk  
  120  9:45  Spore Crawler  
  117  9:46  Spore Crawler  
  117  9:47  Hydralisk  
  117  9:49  Hydralisk  
  110  9:56  Hydralisk x2  
Tags
 
Add a new tag
Caveats
  • Supply blocks, unpowered buildings, or Contaminate may cause inaccurate times.
  • Supply counts are checked every 10 seconds.